 Dungeon Crawl Stone Soup version 0.30.0-29-ga12c61a403 (webtiles) character file.

Game seed: 6625933047781635003

119 Kranky the Trooper (level 4, -1/41 HPs)
             Began as a Minotaur Berserker on June 11, 2023.
             Was a Believer of Trog.
             Slain by a gnoll
             ... wielding a +0 whip
              (5 damage)
             ... on level 3 of the Dungeon.
             The game lasted 00:04:46 (1794 turns).

Kranky the Trooper (Minotaur Berserker)             Turns: 1794, Time: 00:04:47

Health: -1/41      AC:  2    Str: 23    XL:     4   Next: 73%
Magic:  3/3        EV: 12    Int:  4    God:    Trog [**....]
Gold:   160        SH:  0    Dex: 10    Spells: 3/3 levels left

rFire   . . .        a - +0 spear
rCold   . . .        (no shield)
rNeg    . . .        b - +0 animal skin
rPois   .            (helmet restricted)
rElec   .            (no cloak)
rCorr   .            (no gloves)
SInv    .            (no boots)
Will    .....        (no amulet)
Stlth   +            (no ring)
HPRegen 0.26/turn    (no ring)
MPRegen 0.08/turn

%: no passive effects
@: no status effects
A: horns 2, retaliatory headbutt
a: Renounce Religion, Berserk, Trog's Hand


You were on level 3 of the Dungeon.
You worshipped Trog.
Trog was pleased with you.
You visited 1 branch of the dungeon, and saw 3 of its levels.

You collected 160 gold pieces.

Inventory:

Hand Weapons
 a - a +0 spear (weapon)
Armour
 b - a +0 animal skin (worn)
Jewellery
 l - the amulet of Ufuroz {Spirit Harm rN+ Will- Slay+2}
   (You found it on level 3 of the Dungeon)

   [amulet of guardian spirit]

   It causes incoming damage to be divided between your reserves of health and
   magic.
   Slay:      It affects your accuracy & damage with ranged weapons and melee
   (+2).
   rN:        It protects you from negative energy.
   Harm:      It increases damage dealt and taken.
   Will:      It decreases your willpower.
Scrolls
 c - a scroll of vulnerability {unknown}
 d - 4 scrolls of blinking {unknown}
 e - 2 scrolls of identify {unknown}
 i - a scroll of fog {unknown}
 j - 4 scrolls of teleportation {unknown}
 k - a scroll of butterflies {unknown}
 m - a scroll of fear {unknown}
 n - 3 scrolls of magic mapping {unknown}
Potions
 f - a potion of brilliance {unknown}
 g - a potion of curing {unknown}
 h - a potion of heal wounds {unknown}


   Skills:
 + Level 4.5 Fighting
 + Level 4.5 Polearms
 + Level 3.6 Armour
 + Level 3.3 Dodging


You had 3 spell levels left.
You didn't know any spells.
Your spell library was empty.

Dungeon Overview and Level Annotations

Branches:
Dungeon (3/15)

Altars:

Shops:
D:3 *

Annotations:
D:2 Sigmund
D:3 1 runed translucent door, PerfectTommy's ghost, amateur DgIE


Innate Abilities, Weirdness & Mutations

You have a pair of horns on your head.
You reflexively headbutt those who attack you in melee.


Message History

* * * LOW HITPOINT WARNING * * *
Things that are here:
a +0 flail; a giant cockroach corpse You hit the gnoll but do no damage.
You headbutt the gnoll.
The gnoll is lightly wounded.
The gnoll closely misses you.
You hit the gnoll.
The gnoll is moderately wounded.
The gnoll hits you with a +0 whip.
* * * LOW HITPOINT WARNING * * *
You hit the gnoll but do no damage.
The gnoll is moderately wounded.
You barely miss the gnoll.
The gnoll is moderately wounded.
The gnoll closely misses you.
You hit the gnoll. You headbutt the gnoll.
The gnoll is severely wounded.
The gnoll closely misses you.
You hit the gnoll.
The gnoll is almost dead.
The gnoll hits you with a +0 whip.
* * * LOW HITPOINT WARNING * * *
You hit the gnoll.
You kill the gnoll!
Trog accepts your kill.
You hit the gnoll.
You headbutt the gnoll, but do no damage.
The gnoll is moderately wounded.
The gnoll misses you. You furiously retaliate!
You headbutt the gnoll. You hit the gnoll but do no damage.
The gnoll is heavily wounded.
The gnoll closely misses you.
You closely miss the gnoll.
The gnoll is heavily wounded.
The gnoll hits you with a +0 whip!
* * * LOW HITPOINT WARNING * * *
You hit the gnoll but do no damage.
The gnoll is heavily wounded.
The gnoll hits you with a +0 whip.
You die...

..###..###.### #.........#
#.. ### ##.......#
#..###.#### ### ###
#####...######.####.# #
..#########..............#
#
#........^...............#
# #
########.####.......(.# #
# #.##...........# # #
###.#..#.#.#####.# # #
#.....##@#..# ..# # #
###.#.####g##.#####.# # ##
##...#.# ##.##.....#. # .#
###..###.# #..######.#.##
.###...####.###..####
#.#..# ..#..###
#>.........# #.##.# #...##
#..........# #....###
....# #..........#
###....# #...#
#.........># ###..#


You could see a gnoll.

Vanquished Creatures
  Robin (D:1)
  3 gnolls (D:3)
  2 adders (D:3)
  2 bats
  3 endoplasms
  5 giant cockroaches
  12 goblins
  4 hobgoblins
  5 kobolds
  2 quokkas (D:1)
  8 ball pythons
  2 frilled lizards (D:1)
  7 rats
  A spectral kobold (D:1)
57 creatures vanquished.

Notes
Turn   | Place    | Note
-------+----------+-------------------------------------------
     0 | D:1      | Kranky the Minotaur Berserker began the quest for the Orb.
     0 | D:1      | Reached XP level 1. HP: 19/19 MP: 0/0
    61 | D:1      | Reached XP level 2. HP: 10/27 MP: 1/1
   458 | D:1      | Reached ** piety under Trog
   506 | D:1      | Found a faded altar of an unknown god.
   647 | D:1      | Reached XP level 3. HP: 30/33 MP: 2/2
   762 | D:2      | Noticed Robin
   936 | D:2      | Noticed Sigmund
  1072 | D:1      | Killed Robin
  1335 | D:3      | Reached XP level 4. HP: 29/41 MP: 3/3
  1421 | D:3      | Identified the amulet of Ufuroz {Spirit Harm rN+ Will-
                  | Slay+2}
  1432 | D:3      | Found a runed translucent door.
  1435 | D:3      | Noticed PerfectTommy's ghost (amateur DgIE)
  1493 | D:3      | Found Weasait's General Store.
  1794 | D:3      | Slain by a gnoll

Illustrated notes

Levels and vault maps discovered:
D:1:      mrwooster_arrival_statue_3, layout_basic,
          dreamdust_ecumenical_altar_drowned_temple, hex_intersection
D:2:      layout_rooms, uniq_robin, uniq_sigmund
D:3:      layout_rooms, grunt_temple_overflow_growth_and_decay,
          ebering_ghost_sewer_f, serial_shops, nicolae_shop_statue_plus,
          nicolae_elevator_lobby_asterisk

Skill      XL: |  1  2  3 |
---------------+----------+-----
Fighting       | 4 |  4.5
Polearms       | 4 |  4.5
Armour         | 3 |  3.6
Dodging        | 3 |  3.3

Action                     |  1- 3 |  4- 6 || total
---------------------------+-------+-------++-------
  Melee: Spear             |   116 |    45 ||   161
         Headbutt          |    10 |     4 ||    14
   Stab: Sleeping          |     1 |       ||     1
         Distracted        |       |     1 ||     1
 Armour: Animal skin       |    12 |     2 ||    14
  Dodge: Dodged            |    55 |    21 ||    76
